 Seeded DCSS version 0.29.1-1-gd02db6906a (webtiles) character file.

Game seed: 1 (custom seed)

57834 Kazon the Fighter (level 14, 0/77 HPs)
             Began as a Vine Stalker Fighter on Oct 19, 2022.
             Was a High Priest of Makhleb.
             Slain by a skeletal warrior
             ... wielding a +3 battleaxe
              (5 damage)
             ... on level 12 of the Dungeon on Oct 21, 2022.
             The game lasted 01:24:28 (14998 turns).

Kazon the Fighter (Vine Stalker Fighter)           Turns: 14998, Time: 01:24:28

Health: 0/77       AC: 12    Str: 23    XL:     14   Next: 87%
Magic:  0/29       EV: 15    Int: 12    God:    Makhleb [*****.]
Gold:   323        SH:  7    Dex: 21    Spells: 13/13 levels left

rFire   + + +      SeeInvis .   a - +3 Maxwell's thermic engine {flame, freeze}
rCold   + + .      Faith    .   c - +0 buckler of Wrong Decisions {Rampage rElec rCorr Int+4}
rNeg    . . .      Spirit   +   G - +3 leather armour {rC+}
rPois   +          Reflect  .   j - +1 helmet
rElec   +          Harm     .   R - scarf {rC+ rF+}
rCorr   +          Rampage  +   (no gloves)
Will    +....                   l - +2 pair of boots
Stlth   +++++.....              n - amulet "Odemouw" {Contam rPois rF+++ Regen+ Stlth+}
HPRegen 1.82/turn               Y - +6 ring of dexterity
MPRegen 0.21/turn               C - ring of magical power

@: no status effects
A: fangs 3, regeneration 1, magic shield, antimagic bite, no potion heal 2
a: Renounce Religion, Minor Destruction, Lesser Servant of Makhleb, Major
Destruction, Greater Servant of Makhleb


You were on level 12 of the Dungeon.
You worshipped Makhleb.
Makhleb was extremely pleased with you.
You visited 3 branches of the dungeon, and saw 19 of its levels.

You collected 1367 gold pieces.
You spent 1044 gold pieces at shops.

Inventory:

Hand Weapons
 a - the +3 Maxwell's thermic engine (weapon) {flame, freeze}
   (You found it on level 1 of the Lair of Beasts)

   It burns those it strikes, dealing additional fire damage.
   Big, fiery blades are also staple armaments of hydra-hunters.
   It freezes those it strikes, dealing additional cold damage.
   It can also slow down cold-blooded creatures.
   It becomes more effective when it hits something.
   This effect fades over time.
 e - a +1 rapier of speed
 s - the +3 falchion of Winter {venom, rCorr}
   (You bought it in a shop on level 3 of the Dungeon)

   It poisons the flesh of those it strikes.
   rCorr:     It protects you from acid and corrosion.
Missiles
 h - 42 stones (quivered)
 o - 44 poisoned darts
 p - 27 boomerangs
 q - a throwing net
 I - 6 curare-tipped darts
Armour
 c - the +0 buckler of Wrong Decisions (worn) {Rampage rElec rCorr Int+4}
   (You acquired it on level 1 of the Dungeon)

   Int:       It affects your intelligence (+4).
   rElec:     It insulates you from electricity.
   rCorr:     It protects you from acid and corrosion.
   Rampage:   It bestows one free step when moving towards enemies.
 j - a +1 helmet (worn)
 l - a +2 pair of boots (worn)
 G - a +3 leather armour of cold resistance (worn)
 R - a scarf of resistance (worn)
Jewellery
 n - the amulet "Odemouw" (around neck) {Contam rPois rF+++ Regen+ Stlth+}
   (You bought it in a shop on level 8 of the Dungeon)

   [amulet of regeneration]

   rF:        It renders you almost immune to fire.
   rPois:     It protects you from poison.
   Contam:    It causes magical contamination when unequipped.
   Regen:     It increases your rate of health regeneration.
   Stlth:     It makes you more stealthy.
 t - a ring of positive energy
 v - a ring of positive energy
 C - a ring of magical power (right hand)
 P - a ring of protection from cold
 Y - a +6 ring of dexterity (left hand)
Wands
 b - a wand of mindburst (34)
 E - a wand of flame (50)
 J - a wand of paralysis (25)
 L - a wand of roots (11)
 T - a wand of polymorph (11)
Scrolls
 m - 2 scrolls of immolation {unknown}
 r - 4 scrolls of fog {unknown}
 u - 3 scrolls of fear {unknown}
 w - 4 scrolls of teleportation
 y - a scroll of magic mapping
 z - 2 scrolls of noise {unknown}
 A - 4 scrolls of enchant weapon {unknown}
 D - 3 scrolls of poison {unknown}
 N - 2 scrolls of summoning
 Q - a scroll of enchant armour
 V - a scroll of silence
 X - 2 scrolls of brand weapon
Potions
 d - 3 potions of might
 f - 3 potions of haste
 g - 3 potions of flight
 i - 2 potions of mutation
 k - 3 potions of berserk rage
 x - 8 potions of lignification
 B - a potion of magic
 H - 3 potions of cancellation
 K - 6 potions of curing
 S - 2 potions of invisibility
Miscellaneous
 O - a condenser vane
 W - a phantom mirror
 Z - a lightning rod (4/4)


   Skills:
 + Level 10.8 Fighting
 + Level 7.8(10.2) Short Blades
 + Level 10.3(11.4) Long Blades
 + Level 5.5 Throwing
 + Level 6.2 Armour
 * Level 6.2 Dodging
 + Level 8.5 Stealth
 + Level 6.7 Shields
 + Level 6.7 Invocations
 * Level 9.3 Evocations


You had 13 spell levels left.
You didn't know any spells.
Your spell library contained the following spells:

 Spells                   Type           Power      Damage    Failure   Level
 Apportation              Tloc           0%         N/A       43%         1
 Magic Dart               Conj           0%         1d3       43%         1
 Necrotise                Necr           0%         1d4       43%         1
 Sting                    Tmut/Pois      0%         1d3       43%         1
 Summon Small Mammal      Summ           0%         N/A       43%         1
 Call Imp                 Summ           0%         N/A       58%         2
 Poisonous Vapours        Pois/Air       0%         N/A       58%         2
 Mephitic Cloud           Conj/Pois/Air  0%         N/A       82%         3
 Ozocubu's Armour         Ice            0%         N/A       82%         3
 Animate Armour           Summ/Erth      0%         N/A       99%         4
 Olgreb's Toxic Radiance  Pois           0%         N/A       99%         4
 Blade Hands              Tmut           0%         N/A       100%        5
 Fireball                 Conj/Fire      0%         3d3       100%        5
 Iskenderun's Battlesphe  Conj           0%         2d6       100%        5
 Metabolic Englaciation   Hex/Ice        0%         N/A       100%        5
 Conjure Ball Lightning   Conj/Air       0%         3x3d6     100%        6
 Iron Shot                Conj/Erth      0%         9d1       100%        6
 Simulacrum               Ice/Necr       0%         N/A       100%        6
 Orb of Destruction       Conj           0%         9d5       100%        7
 Ozocubu's Refrigeration  Ice            0%         4d7       100%        7


Dungeon Overview and Level Annotations

Branches:
Dungeon (13/15)            Temple (1/1) D:7            Lair (5/5) D:10
 Shoals (0/4) Lair:3       Spider (0/4) Lair:3        Slime (0/5) Lair:4
    Orc (0/2) D:12
 Vaults: D:13-14

Altars:
Ashenzari
Elyvilon
Gozag
Hepliaklqana
Kikubaaqudgha
Makhleb
Okawaru
Qazlal
Uskayaw
Jiyva

Shops:
D:3 (   D:8 ?(==   D:10 :


Innate Abilities, Weirdness & Mutations

You have razor-sharp teeth.
Your natural rate of healing is unusually fast.
When hurt, damage is shared between your health and your magic reserves.
Your bite disrupts and absorbs the magic of your enemies.
Potions cannot restore your health.


Message History

Lightning courses through your neqoxec!!
Your neqoxec dies!
Your neqoxec disappears in a puff of smoke!
A skeletal warrior comes into view. It is wielding a +0 dire flail.
The red ugly thing punches you!
* * * LOW HITPOINT WARNING * * *
You are engulfed in flames.
You resist.
* * * LOW HITPOINT WARNING * * *
Magic courses through your body.
The red ugly thing punches you but does no damage.
The skeletal warrior hits you but does no damage.
A skeletal warrior comes into view. It is wielding a +0 long sword.
The skeletal warrior hits you with a +3 battleaxe!
* * * LOW HITPOINT WARNING * * *
There is an escape hatch in the ceiling, spattered with blood here.
The red ugly thing barely misses you.
You block the skeletal warrior's attack. x2
A mysterious force pulls you upwards. The hatch slams shut behind you.
You barely miss the red ugly thing.
The red ugly thing is severely wounded.
The red ugly thing barely misses you.
The skeletal warrior closely misses you.
You block the skeletal warrior's attack.
Unknown command.
You closely miss the red ugly thing.
You bite the red ugly thing, but do no damage.
The red ugly thing is severely wounded.
The red ugly thing punches you!
* * * LOW HITPOINT WARNING * * *
You are engulfed in flames.
You resist.
* * * LOW HITPOINT WARNING * * *
The skeletal warrior barely misses you.
The skeletal warrior hits you with a +0 battleaxe of electrocution!
* * * LOW HITPOINT WARNING * * *
You hit the red ugly thing. You freeze the red ugly thing.
You bite the red ugly thing. You drain its power.
You feel invigorated.
The red ugly thing is severely wounded.
The red ugly thing closely misses you.
The skeletal warrior hits you with a +3 battleaxe!
You die...

#####.....≈~≈...~..~....#
# #.........~.♣~♣.~..#.#
#####.....≈.♣~.~♣.~~###.#
#..........~..~♣...~# #.#
#.#####.##.~#~≈~#.~~# #.#
#.# #####.#♣~.#.~## #.#
#># ###.###..## #># ..#
#.###z#.###.# ###
#..u@###....#
#####z#.##### ##[## #.#
##################.#
#......<.......[...#
#.################## ..#
###


You could see a red ugly thing and 2 skeletal warriors.

Vanquished Creatures
  Rupert (D:12)
  Nessos (D:12)
  Azrael (D:13)
  Fannar (Lair:2)
  Erolcha (D:10)
  A vault guard (D:13)
  3 catoblepae (Lair:5)
  3 two-headed ogres
  10 death yaks
  Lodul (D:12)
  A cyclops (D:12)
  An ugly thing (D:11)
  4 manticores
  5 elephants (Lair:4)
  5 black mambas
  11 cane toads
  Maggie (D:6)
  4 rime drakes
  An unseen horror (D:12)
  4 kobold demonologists (D:11)
  14 komodo dragons
  A tengu conjurer (D:12)
  4 trolls
  Prince Ribbit (D:9)
  A polar bear (Lair:4)
  15 blink frogs
  5 dream sheep (Lair:4)
  A snapping turtle (Lair:3)
  2 shadows
  2 vampires
  2 fire elementals (D:13)
  2 wraiths (D:12)
  59 yaks
  5 wyverns
  3 basilisks
  Eustachio (D:5)
  4 vampire mosquitoes (D:13)
  2 steam dragons
  Menkaure (D:5)
  Edmund (D:6)
  2 acid dragons
  2 hell hounds (D:13)
  13 water moccasins
  5 orc warriors
  An ice beast (D:8)
  5 sky beasts
  2 black bears (D:6)
  5 centaurs
  7 ogres
  A wolf (D:10)
  2 phantoms (D:6)
  3 kobold brigands
  3 necrophages
  6 bullfrogs
  A gnoll sergeant (D:7)
  10 scorpions
  21 wights
  3 killer bees (D:10)
  3 electric eels
  A howler monkey (D:5)
  2 jellies (D:6)
  6 hounds
  7 orc priests
  A gnoll bouda (D:6)
  6 iguanas
  4 orc wizards
  4 hell rats (Lair:3)
  Robin (D:3)
  15 gnolls
  13 adders
  3 shadow imps
  2 white imps (D:7)
  An ufetubus (D:5)
  4 worms
  37 orcs
  11 endoplasms
  3 giant cockroaches
  16 goblins
  8 hobgoblins
  A jackal (D:4)
  27 kobolds
  A quokka (D:1)
  5 ball pythons
  4 bats
  3 frilled lizards
  6 rats
473 creatures vanquished.

Vanquished Creatures (collateral kills)
  A catoblepas (Lair:2)
  A komodo dragon (Lair:5)
  2 blink frogs (Lair:5)
  4 yaks (Lair:5)
  3 water moccasins (Lair:5)
11 creatures vanquished.

Vanquished Creatures (others)
  A quokka (D:7)
  19 fungi
  32 plants
52 creatures vanquished.

Grand Total: 536 creatures vanquished

Notes
Turn   | Place    | Note
-------+----------+-------------------------------------------
     0 | D:1      | Kazon the Vine Stalker Fighter began the quest for the Orb.
     0 | D:1      | Reached XP level 1. HP: 11/11 MP: 2/2
    39 | D:1      | Identified a scroll of acquirement
    39 | D:1      | Acquired the +0 buckler of Wrong Decisions {Rampage rElec
                  | rCorr Int+4}
   147 | D:1      | Reached XP level 2. HP: 13/16 MP: 3/3
   655 | D:2      | Reached XP level 3. HP: 13/20 MP: 2/4
  1066 | D:2      | Gained mutation: Your natural rate of healing is unusually
                  | fast. [Vine Stalker growth]
  1066 | D:2      | Reached XP level 4. HP: 25/25 MP: 5/5
  1259 | D:3      | Found Umat's Antique Weapon Boutique.
  1287 | D:3      | Bought a crude falchion for 184 gold pieces
  1287 | D:3      | Identified the +3 falchion of Winter {venom, rCorr} (You
                  | bought it in a shop on level 3 of the Dungeon)
  1455 | D:3      | Reached skill level 1 in Throwing
  1455 | D:3      | Reached XP level 5. HP: 24/29 MP: 3/6
  1543 | D:3      | Reached skill level 1 in Short Blades
  1547 | D:3      | Noticed Robin
  1573 | D:3      | Killed Robin
  1574 | D:3      | Reached skill level 1 in Stealth
  2003 | D:4      | Reached XP level 6. HP: 30/33 MP: 7/7
  2125 | D:4      | You fall into a shaft and drop 2 floors!
  2144 | D:6      | Noticed an orc warrior
  2148 | D:5      | Entered Level 5 of the Dungeon
  2283 | D:5      | Noticed a water moccasin
  2296 | D:5      | Killed a water moccasin
  2297 | D:5      | Reached XP level 7. HP: 6/37 MP: 6/8
  2423 | D:5      | Noticed Menkaure
  2434 | D:5      | Killed Menkaure
  2576 | D:5      | Gained mutation: You have razor-sharp teeth. [Vine Stalker
                  | growth]
  2576 | D:5      | Reached XP level 8. HP: 38/42 MP: 9/9
  2611 | D:4      | Reached skill level 1 in Dodging
  2668 | D:4      | Found a hazy altar of Hepliaklqana.
  3161 | D:5      | Noticed Eustachio
  3173 | D:5      | Killed Eustachio
  3180 | D:5      | Reached skill level 5 in Fighting
  3729 | D:5      | Reached skill level 5 in Armour
  3729 | D:5      | Reached skill level 5 in Shields
  3729 | D:5      | Reached XP level 9. HP: 43/49 MP: 8/10
  3740 | D:6      | Reached skill level 5 in Short Blades
  3969 | D:6      | Noticed Maggie
  3974 | D:6      | Reached XP level 10. HP: 55/55 MP: 11/11
  3981 | D:6      | Killed Maggie
  4035 | D:6      | Reached skill level 5 in Long Blades
  4044 | D:6      | Reached skill level 5 in Evocations
  4127 | D:6      | Noticed Edmund
  4139 | D:6      | Killed Edmund
  4332 | D:6      | Reached skill level 5 in Stealth
  5045 | D:7      | Found a white marble altar of Elyvilon.
  5165 | D:7      | Found a hide-covered altar of Uskayaw.
  5238 | D:7      | Found a staircase to the Ecumenical Temple.
  5246 | Temple   | Entered the Ecumenical Temple
  5251 | Temple   | Became a worshipper of Makhleb the Destroyer
  5349 | D:8      | Found Quzidd's Magic Scroll Emporium.
  5354 | D:8      | Bought a scroll of teleportation for 42 gold pieces
  5414 | D:8      | Found Esumer's Weapon Shop.
  5450 | D:8      | Reached skill level 5 in Throwing
  5744 | D:8      | Found Zoxtaeshakh's Jewellery Boutique.
  5807 | D:8      | Found Heidghoki's Jewellery Shop.
  6359 | D:9      | Reached XP level 11. HP: 58/58 MP: 12/12
  6603 | D:9      | Reached * piety under Makhleb
  6647 | D:9      | Noticed Prince Ribbit
  6664 | D:9      | Killed Prince Ribbit
  6871 | D:9      | Noticed a two-headed ogre
  6897 | D:9      | Killed a two-headed ogre
  6898 | D:9      | Reached skill level 1 in Invocations
  7095 | D:10     | Entered Level 10 of the Dungeon
  7222 | D:10     | Found Juagoaq's Book Shoppe.
  7250 | D:10     | Reached ** piety under Makhleb
  7307 | D:10     | Identified the +5 long sword of the Land of Plenty {drain,
                  | Dex+3}
  7361 | D:10     | Noticed Erolcha
  7366 | D:10     | Killed Erolcha
  7984 | D:10     | Found a staircase to the Lair.
  8575 | D:11     | HP: 1/60 [red devil/+0 trident[a kobold demonologist] (9)]
  8652 | D:11     | Noticed a soul eater
  8654 | D:11     | Noticed a sun demon
  8660 | D:11     | Reached XP level 12. HP: 52/65 MP: 15/15
  9297 | Lair:1   | Entered Level 1 of the Lair of Beasts
  9435 | Lair:1   | Reached *** piety under Makhleb
  9626 | Lair:1   | Found the +2 Maxwell's thermic engine {flame, freeze}
 10012 | Lair:2   | Reached skill level 5 in Dodging
 10195 | Lair:2   | Noticed Fannar
 10204 | Lair:2   | Killed Fannar
 10269 | Lair:2   | Noticed a catoblepas
 10286 | Lair:2   | Killed a catoblepas
 10343 | Lair:2   | You fall into a shaft and drop 1 floor!
 10375 | Lair:3   | Reached XP level 13. HP: 70/70 MP: 17/17
 10404 | Lair:3   | Reached **** piety under Makhleb
 10424 | Lair:3   | Found an ancient bone altar of Kikubaaqudgha.
 11138 | Lair:3   | Found a hole to the Spider Nest.
 11303 | Lair:3   | Reached skill level 5 in Invocations
 11354 | Lair:3   | Found a staircase to the Shoals.
 11711 | Lair:4   | Reached ***** piety under Makhleb
 11922 | Lair:4   | Found a viscous altar of Jiyva.
 11922 | Lair:4   | Found a staircase to the Slime Pits.
 12071 | Lair:4   | Identified the +3 battleaxe "Adididghufym" {antimagic, rF+
                  | Will+}
 12314 | Lair:5   | Entered Level 5 of the Lair of Beasts
 12428 | Lair:5   | HP: 2/72 [blink frog (4)]
 12435 | Lair:5   | HP: 3/72 [yak (1)]
 12469 | Lair:5   | Reached skill level 10 in Fighting
 12499 | Lair:5   | Reached XP level 14. HP: 59/77 MP: 19/19
 13816 | D:12     | Reached skill level 10 in Long Blades
 13931 | D:12     | Noticed Nessos
 13936 | D:12     | Killed Nessos
 13998 | D:12     | Found a staircase to the Orcish Mines.
 14213 | D:12     | Noticed Rupert
 14219 | D:12     | Killed Rupert
 14354 | D:12     | Noticed Lodul
 14364 | D:12     | Killed Lodul
 14493 | D:13     | Noticed Azrael
 14502 | D:13     | Killed Azrael
 14739 | D:8      | Bought a scroll of identify for 28 gold pieces
 14739 | D:8      | Bought a scroll of identify for 28 gold pieces
 14739 | D:8      | Bought a scroll of identify for 28 gold pieces
 14839 | D:8      | Bought the amulet "Odemouw" {Contam rPois rF+++ Regen+
                  | Stlth+} for 734 gold pieces
 14997 | D:12     | HP: 3/77 [skeletal warrior/+0 battleaxe of electrocution
                  | (4)]
 14998 | D:12     | Slain by a skeletal warrior

Illustrated notes

Levels and vault maps discovered:
D:1:      dpeg_arrival_three_smaller_balls, layout_basic
D:2:      layout_loops_ring
D:3:      layout_basic, serial_shops, nicolae_shop_stone, st_stairs_9,
          minmay_misc_feat_doors, eino_curves_03, uniq_robin
D:4:      minmay_wonky_spiral, layout_basic,
          mainiacjoe_overflow_surrounded_room, minivault_5
D:5:      layout_cave_pods, uniq_menkaure, uniq_eustachio
D:6:      cheibrodos_barr_body, layout_basic, minmay_crystal_room,
          minmay_pentangle, uniq_maggie, uniq_edmund
D:7:      layout_cave_pools, nicolae_uskayaw_murder_on_the_dancefloor,
          elyvilon_altar_4, minmay_temple_entry_purple_smoke
D:8:      layout_basic, serial_shops, shop_statue, kennysheep_little_box, shop,
          nicolae_shop_window_shopping
D:9:      layout_cave_pools, uniq_prince_ribbit1
D:10:     layout_stronghold, erik_lair_island, serial_shops,
          nicolae_shop_statue_plus, uniq_erolcha
D:11:     layout_roguey
D:12:     layout_loops_ring, orc_0_dummy, chequers_serial_rivers_marsh,
          uniq_lodul, uniq_nessos, uniq_rupert
D:13:     layout_gridville, david_vaults_5, serial_shops,
          nicolae_shop_behind_doors, minmay_fractal_squares_gapless_5,
          uniq_azrael
Temple:   nicolae_temple_bog_church
Lair:1:   layout_long_grid, fungi_pond_lemuel, cheibrodos_lair_reptile_den
Lair:2:   layout_gridlike, uniq_fannar
Lair:3:   layout_roguey, minmay_shoals_entry_hut,
          nicolae_spider_entry_non_spiders, basic_altar, serial_bayou_crossing
Lair:4:   layout_gridlike, slime_entry_1, serial_rivers,
          chequers_serial_rivers_room_a, chequers_serial_rivers_micro_c,
          chequers_serial_rivers_room_a, chequers_serial_rivers_micro_e,
          minivault_27, grunt_megastairs_3, infiniplex_staircase_pool_2
Lair:5:   evilmike_catoblepas_cave, layout_long_grid

Skill      XL: |  1  2  3  4  5  6  7  8  9 10 11 12 13 14 |
---------------+-------------------------------------------+-----
Long Blades    | 2 4 5 6 9 10 | 10.3
Fighting       | 3 4 6 7 8 9 10 | 10.8
Throwing       | 1 2 3 4 5 |  5.5
Short Blades   | 1 2 3 4 5 6 7 |  7.8
Armour         | 3 5 6 |  6.2
Stealth        | 1 4 5 6 7 8 |  8.5
Shields        | 3 5 6 |  6.7
Dodging        | 3 4 5 6 |  6.2
Evocations     | 4 5 6 7 8 9 |  9.3
Invocations    | 3 4 5 6 |  6.7

Action                   |  1- 3 |  4- 6 |  7- 9 | 10-12 | 13-15 || total
-------------------------+-------+-------+-------+-------+-------++-------
Melee: Long sword        |    55 |       |       |       |       ||    55
       Bite              |    13 |    30 |    57 |   375 |   175 ||   650
       Dagger            |     8 |   132 |    50 |       |       ||   190
       Falchion          |       |       |   113 |   242 |    55 ||   410
       Rapier            |       |       |       |   726 |    35 ||   761
       Double sword      |       |       |       |    33 |   348 ||   381
Throw: Stone             |       |     5 |    30 |    96 |     7 ||   138
       Dart              |       |       |       |     8 |       ||     8
       Boomerang         |       |       |       |     2 |       ||     2
Invok: Minor Destruction |       |       |       |    55 |    56 ||   111
       Lesser Servant of |       |       |       |     1 |     5 ||     6
Evoke: Wand              |       |       |       |     1 |     1 ||     2
       Lightning rod     |       |       |       |       |     1 ||     1
       Phantom mirror    |       |       |       |       |     1 ||     1
       Condenser vane    |       |       |       |       |     1 ||     1
  Use: Scroll            |     1 |     1 |     7 |     7 |     8 ||    24
       Potion            |       |       |     1 |     2 |     3 ||     6
 Stab: Sleeping          |       |       |     1 |    19 |    23 ||    43
       Distracted        |       |       |       |       |     7 ||     7
Armor: Scale mail        |    20 |    40 |    45 |       |       ||   105
       Leather armour    |       |       |    12 |   194 |    84 ||   290
Dodge: Dodged            |    39 |    54 |    64 |   351 |   215 ||   723
Block: Buckler           |    20 |    32 |    25 |   161 |   101 ||   339
